 Dungeon Crawl Stone Soup version 0.19-a0-1740-g0bcaf2e (webtiles) character file.

40903 4thArraOfDagon the Fencer (level 13, -34/118 HPs)
             Began as a Minotaur Monk on Oct 1, 2016.
             Was a High Priest of Cheibriados.
             Killed from afar by a deep elf annihilator (59 damage)
             ... with an iron shot
             ... on level 3 of the Elven Halls.
             The game lasted 00:41:06 (6050 turns).

4thArraOfDagon the Fencer (Minotaur Monk)           Turns: 6050, Time: 00:41:07

Health: -34/118    AC: 10    Str: 28 (29) XL:     13   Next: 77%
Magic:  3/13       EV: 27    Int: 21      God:    Cheibriados [*****.]
Gold:   58         SH:  0    Dex: 36 (37) Spells: 0 memorised, 12 levels left

rFire  . . .     SeeInvis +     E - +2 great sword (vamp)
rCold  . . .     Gourm    .     S - +0 troll leather armour
rNeg   . . .     Faith    +     (shield currently unavailable)
rPois  .         Spirit   .     T - +2 hat {SInv}
rElec  .         Dismiss  .     o - +0 cloak
rCorr  .         Reflect  .     (no gloves)
MR     .....     Harm     .     e - +0 pair of boots
Stlth  ++++......               A - amulet of faith
                                z - ring "Waphag" {Wiz Dex+6}
                                K - ring of stealth

@: very slow
A: retaliatory headbutt, horns 2, talons 1, agile 1, clever 1, deterioration 1,
low mp 3, mutation resistance 1
a: Bend Time, Temporal Distortion, Slouch, Step From Time, Renounce Religion


You were on level 3 of the Elven Halls.
You worshipped Cheibriados.
Cheibriados was extremely pleased with you.
You were not hungry.

You visited 3 branches of the dungeon, and saw 20 of its levels.
You visited the Abyss 1 time.
You visited 1 bazaar.
You also visited: Ice Cave.

You collected 1604 gold pieces.
You spent 1546 gold pieces at shops.

Inventory:

Hand Weapons
 a - a +0 falchion
 m - the cursed +1 scimitar "Killer Klown's Peril" {venom, rF+ rN+ Str+3}
   (You bought it in a shop in a bazaar)

   It poisons the flesh of those it strikes.
   It affects your strength (+3).
   It protects you from fire.
   It protects you from negative energy.
   It has a curse placed upon it.
 v - a +0 scimitar of slicing
 E - a +2 vampiric great sword (weapon)
 R - the +4 great sword "Ecorangaam" {freeze, +Inv rElec rC-}
   (You found it in an ice cave)

   It has been specially enchanted to freeze those struck by it, causing extra
   injury to most foes and up to half again as much damage against particularly
   susceptible opponents.
   It can also slow down cold-blooded creatures.
   It makes you vulnerable to cold.
   It insulates you from electricity.
   It lets you turn invisible.
Missiles
 I - 5 curare-tipped needles
Armour
 b - a +0 robe
 e - a +0 pair of boots (worn)
 f - a +0 scale mail
 h - a +2 plate armour of fire resistance
 j - a +1 ring mail of fire resistance
 o - a +0 cloak (worn)
 B - a +2 chain mail of cold resistance
 N - a +0 ice dragon armour
 O - a +2 robe of magic resistance
 S - a +0 troll leather armour (worn)
 T - a +2 hat of see invisible (worn)
 U - a +2 shield of cold resistance
Jewellery
 z - the ring "Waphag" (right hand) {Wiz Dex+6}
   (You bought it in a shop on level 2 of the Orcish Mines)

   [ring of wizardry]

   It improves your spell success rate.
   It affects your dexterity (+6).
 A - an amulet of faith (around neck)
 K - a ring of stealth (left hand)
 Q - a +3 amulet of reflection {unknown}
Wands
 p - a wand of polymorph (6/24)
 u - a wand of acid (2/15)
 w - a wand of digging (5/24)
 J - a wand of confusion (17/48)
 L - a wand of slowing (25/48)
 M - a wand of hasting (5/9)
 V - a wand of disintegration (11/24)
Scrolls
 d - 2 scrolls of remove curse
 l - a scroll of holy word
 n - 2 scrolls of fog
 s - a scroll of immolation
 t - 3 scrolls of amnesia
 y - a scroll of fear
 D - 3 scrolls of recharging
 P - a scroll of teleportation
Potions
 i - 2 potions of flight
 k - 3 potions of magic
 q - 3 potions of resistance
 r - 3 potions of heal wounds
 x - 4 potions of might
 F - 2 potions of haste
 G - 2 potions of brilliance
 H - 3 potions of curing
Comestibles
 c - 8 bread rations
 g - 3 beef jerkies
 C - 4 slices of pizza


   Skills:
 + Level 12.1 Fighting
 * Level 16.7 Long Blades
 + Level 9.4 Armour
 + Level 11.6 Dodging
 - Level 1.5 Stealth
 + Level 10.4 Invocations


You had 12 spell levels left.
You didn't know any spells.

Dungeon Overview and Level Annotations

Branches:
Dungeon (15/15)            Temple (0/1) D:7             Orc (2/2) D:11
    Elf (3/3) Orc:2        Depths (0/5) D:15
   Lair: D:8-11      Vaults: D:13-14

Altars:
Cheibriados
Dithmenos
Nemelex Xobeh
Okawaru
Ru
Xom

Shops:
D:9 *   Orc:2 ?:=*   Elf:3 *

Annotations:
D:8 Psyche
D:11 Fannar


Innate Abilities, Weirdness & Mutations

You reflexively headbutt those who attack you in melee.
You have a pair of horns on your head.
You have sharp toenails.
You are agile. (Dex +2)
Your mind is acute. (Int +2)
Your body sometimes deteriorates upon taking damage.
Your magical capacity is extremely low. (-30% MP)
You are somewhat resistant to further mutation.


Message History

Unknown command.
You don't have enough magic at the moment.
Unknown command.
Unknown command.
Unknown command.
You closely miss the deep elf annihilator.
You headbutt the deep elf annihilator, but do no damage.
The deep elf annihilator is heavily wounded.
The deep elf annihilator points at you and mumbles some strange words.
The crystal spear hits you!
* * * LOW HITPOINT WARNING * * *
Your body deteriorates!
You feel weakened.
The deep elf high priest intones a terrible prayer.
The deep elf high priest invokes the aid of its god against you.
Something smites you!
* * * LOW HITPOINT WARNING * * *
The deep elf annihilator casts a spell at you.
The iron shot hits you!
Ouch! That really hurt!
You die...

......#.............##.# #.
.......).....[..###.##.#
#.#
......#.........###.##.##.#
.....##................#.#
#..#.##.........###.###.#
#.###.#.........###.##.#
.## ##.######......)#.# ##
##.## ##.EEE.#.# # ##.#
##e@..##.# ### #e#### #.#
.e.. #.# ....$. ## ....#...
....... ####... ####


You could see 2 deep elf annihilators, a deep elf high priest and 3 earth
elementals.

Vanquished Creatures
  A frost giant (IceCv)
  2 orc warlords
  A deep elf sorcerer (Elf:3)
  An ettin (Orc:1)
  A deep elf death mage (Elf:3)
  An ice dragon (Orc:2)
  2 centaur warriors (D:15)
  A dancing weapon (Elf:3)
  An orc high priest (Orc:2)
  2 deep elf knights (Elf:3)
  2 deep elf archers
  4 hill giants
  An orc knight (Orc:2)
  4 deep elf magi (Elf:3)
  6 orc sorcerers
  A faun (D:10)
  A centaur zombie (D:14)
  A salamander (shapeshifter) (Elf:2)
  2 centaur skeletons
  A gargoyle (D:11)
  A komodo dragon (D:11)
  A yaktaur (D:15)
  9 trolls
  10 polar bears
  A two-headed ogre (D:13)
  A hippogriff (shapeshifter) (D:15)
  A hippogriff (D:11)
  3 shadows
  An air elemental (Elf:3)
  30 yaks
  2 water elementals
  2 vampire mosquitoes (D:13)
  A fire elemental (Elf:3)
  3 hogs (D:11)
  A human (D:11)
  A steam dragon (D:9)
  5 hungry ghosts
  7 wargs
  A mottled dragon (D:12)
  A water moccasin (D:13)
  A porcupine (D:8)
  24 orc warriors
  An ice beast (D:14)
  An eye of draining (D:12)
  6 ogres
  A necrophage (D:9)
  3 sky beasts
  2 phantoms (D:5)
  10 wolves
  A centaur (D:10)
  2 crocodiles (D:13)
  A big kobold (D:11)
  5 bullfrogs
  An earth elemental (Elf:3)
  A troll zombie (D:11)
  A howler monkey (D:6)
  4 crimson imps
  A wasp zombie (D:9)
  2 bullfrog zombies
  A jelly (D:13)
  35 orc wizards
  A gnoll shaman (D:6)
  23 orc priests
  Crazy Yiuf (D:5)
  2 bullfrog skeletons
  2 hounds
  7 iguanas
  Ijyb (D:2)
  Terence (D:2)
  7 worker ants
  7 ogre zombies (D:11)
  A hound skeleton (D:9)
  2 worker ant zombies
  16 gnolls
  A river rat (D:8)
  10 adders
  4 shadow imps
  2 oozes
  An adder skeleton (D:5)
  4 worms
  A dart slug (D:2)
  5 leopard geckos
  53 orcs
  2 ball pythons
  10 giant cockroaches (D:2)
  A goblin (D:3)
  4 hobgoblins
  4 quokkas
  2 bats
  A frilled lizard (D:5)
  A giant cockroach zombie (D:6)
  A goblin zombie (D:11)
  2 hobgoblin skeletons (D:11)
  5 hobgoblin zombies (D:11)
  7 kobolds
  A leopard gecko skeleton (D:5)
  3 orc skeletons (D:11)
  14 orc zombies (D:11)
  4 rats
436 creatures vanquished.

Vanquished Creatures (others)
  An orc (Orc:1)
1 creature vanquished.

Grand Total: 437 creatures vanquished

Notes
Turn   | Place    | Note
-------+----------+-------------------------------------------
     0 | D:1      | 4thArraOfDagon the Minotaur Monk began the quest for the Orb.
     0 | D:1      | Reached XP level 1. HP: 19/19 MP: 0/0
    24 | D:2      | Reached skill level 4 in Long Blades
    24 | D:2      | Reached XP level 2. HP: 24/27 MP: 1/1
    50 | D:2      | Found a snail-covered altar of Cheibriados.
    52 | D:2      | Noticed Ijyb
    60 | D:2      | Became a worshipper of Cheibriados the Contemplative
    60 | D:2      | Reached * piety under Cheibriados
    60 | D:2      | Reached ** piety under Cheibriados
    65 | D:2      | Killed Ijyb
    65 | D:2      | Reached XP level 3. HP: 20/33 MP: 2/2
    91 | D:2      | Reached skill level 1 in Invocations
   208 | D:2      | Noticed Terence
   214 | D:2      | Killed Terence
   214 | D:2      | Reached XP level 4. HP: 20/40 MP: 2/4
   298 | D:2      | Reached skill level 5 in Long Blades
   337 | D:3      | Found a shimmering altar of Xom.
   337 | D:3      | Found a shimmering altar of Xom.
   337 | D:3      | Found a shimmering altar of Xom.
   337 | D:3      | Found a shimmering altar of Xom.
   337 | D:3      | Found a shimmering altar of Xom.
   340 | D:3      | Found a shimmering altar of Xom.
   340 | D:3      | Found a shimmering altar of Xom.
   357 | D:3      | Reached *** piety under Cheibriados
   400 | D:3      | Reached XP level 5. HP: 46/46 MP: 5/5
   431 | D:2      | Turgon: Hi - speedrunning isn't dead! PurpleRed won in 19 k in a 0.19 game!
   439 | D:3      | 4thArraOfDagon: hi
   439 | D:3      | 4thArraOfDagon: i saw it
   439 | D:3      | 4thArraOfDagon: that single game
   439 | D:3      | 4thArraOfDagon: deserves so much praise and attention
   439 | D:3      | 4thArraOfDagon: look at zot
   439 | D:3      | 4thArraOfDagon: 90turns from zot1 to orb
   439 | D:3      | 4thArraOfDagon: 200turns in abyss
   439 | D:3      | Turgon: Well, it's a 0.19 game, a deep elf and "only" Veh
   439 | D:3      | 4thArraOfDagon: 4.7k for whole extended!
   439 | D:3      | 4thArraOfDagon: yeah
   439 | D:3      | 4thArraOfDagon: frankly that game had nothing to do with de or veh
   444 | D:3      | Turgon: I didn't check but probably luck in every part of the game
   446 | D:3      | 4thArraOfDagon: yep
   446 | D:3      | 4thArraOfDagon: it could be any combo
   486 | D:4      | 4thArraOfDagon: with that kind of luck i could ascend dd within 16k
   556 | D:4      | 4thArraOfDagon: did you watch it btw?>
   580 | D:4      | Turgon: no
   583 | D:5      | Entered Level 5 of the Dungeon
   583 | D:5      | 4thArraOfDagon: please try
   583 | D:5      | Turgon: I just had a look at scoring tables - and saw 75 Mio pts
   583 | D:5      | 4thArraOfDagon: it was like playing with ash
   588 | D:5      | Turgon: :-)
   617 | D:5      | Reached skill level 6 in Long Blades
   617 | D:5      | Reached XP level 6. HP: 39/53 MP: 5/7
   638 | D:5      | Found a runed door.
   642 | D:5      | Noticed Crazy Yiuf
   645 | D:5      | Killed Crazy Yiuf
   758 | D:5      | Reached **** piety under Cheibriados
   865 | D:5      | Noticed a sky beast
   876 | D:5      | Killed a sky beast
   876 | D:5      | Reached skill level 5 in Fighting
   876 | D:5      | Reached skill level 5 in Dodging
   876 | D:5      | Reached XP level 7. HP: 54/61 MP: 8/8
   883 | D:5      | Reached skill level 7 in Long Blades
   887 | D:5      | Turgon: What is this tile you are playing with?
   890 | D:5      | Gained mutation: Your mind is acute. (Int +2) [mutagenic meat]
   893 | D:5      | Gained mutation: Your magical capacity is low. (-10% MP) [mutagenic meat]
   896 | D:5      | Gained mutation: Your magical capacity is very low. (-20% MP) [mutagenic meat]
   899 | D:5      | Gained mutation: You are agile. (Dex +2) [mutagenic meat]
   905 | D:5      | Gained mutation: You are somewhat resistant to further mutation. [mutagenic meat]
  1023 | D:5      | 4thArraOfDagon: a creature
  1023 | D:5      | 4thArraOfDagon: from desolation of salt
  1023 | D:5      | 4thArraOfDagon: Peacekeeper
  1023 | D:5      | Turgon: ah
  1023 | D:5      | 4thArraOfDagon: apparently the game doesnt allow me to have imperial myrmidon tile
  1023 | D:5      | 4thArraOfDagon: idk why
  1274 | D:7      | Found a staircase to the Ecumenical Temple.
  1287 | D:6      | Turgon: But
  1287 | D:6      | Reached skill level 8 in Long Blades
  1287 | D:6      | Reached XP level 8. HP: 62/69 MP: 7/7
  1316 | D:6      | Found an iron altar of Okawaru.
  1317 | D:6      | Found a shadowy altar of Dithmenos.
  1342 | D:7      | Turgon: it doesn't look peaceful enough to be a peacekeeeper
  1383 | D:8      | Noticed Psyche
  1410 | D:8      | Cast into level 1 of the Abyss (Psyche)
  1423 | Abyss:1  | Noticed a necromancer
  1456 | Abyss:2  | Noticed a wretched star
  1462 | D:8      | Escaped the Abyss
  1570 | D:8      | 4thArraOfDagon: yea
  1570 | D:8      | 4thArraOfDagon: it looks like scavenger
  1570 | D:8      | 4thArraOfDagon: from diablo1
  1570 | D:8      | 4thArraOfDagon: imo
  1570 | D:8      | tstbtto: is there a recording of that game?
  1596 | D:9      | Found Zolera's Assorted Antiques.
  1610 | D:9      | Bought a scroll labeled NOUPNI LAETZIA for 29 gold pieces
  1610 | D:9      | Bought a scroll labeled NUWOLAYSTRO for 29 gold pieces
  1610 | D:9      | Bought a scroll of magic mapping for 101 gold pieces
  1650 | D:9      | Reached skill level 9 in Long Blades
  1682 | D:9      | Reached skill level 5 in Invocations
  1698 | D:9      | Reached XP level 9. HP: 35/79 MP: 9/9
  1698 | D:9      | Reached skill level 10 in Long Blades
  1763 | D:9      | Turgon: A bit surprising you do so much damage with falchion - but well, Chei stats
  1828 | D:10     | Entered Level 10 of the Dungeon
  1872 | D:10     | Noticed Urug
  1876 | D:10     | Noticed Urug
  1876 | D:10     | Urug changed into Urug the faun
  1899 | D:10     | Killed Urug the faun
  1931 | D:10     | Turgon: mhmm, urug faun
  1959 | D:10     | Turgon: @? urug
  1963 | D:10     | beem: Urug (o)
                  | Spd:
    10 | HD: 9    | HP: 54-78
                  | AC/EV: 8/11
                  | Dam: 25
                  | weapons, items, doors, fighter
                  | Res: magic(40)
                  | XP:
   834 | Sz: Medium | Int: human.
  2009 | D:10     | Turgon: Res magic (40)
  2076 | D:11     | Reached skill level 11 in Long Blades
  2172 | D:11     | Reached XP level 10. HP: 72/89 MP: 9/10
  2228 | D:11     | Noticed a gargoyle
  2241 | D:11     | Killed a gargoyle
  2245 | D:11     | Reached skill level 1 in Armour
  2271 | D:11     | Reached skill level 12 in Long Blades
  2410 | D:11     | Noticed a hill giant
  2414 | D:11     | Noticed a hill giant
  2423 | D:11     | Killed a hill giant
  2428 | D:11     | Killed a hill giant
  2477 | D:12     | Noticed a deep elf mage
  2505 | D:11     | Found a staircase to the Orcish Mines.
  2587 | D:11     | Noticed Fannar
  2669 | D:12     | Turgon: ugh
  2683 | D:12     | Turgon: new troll tiles
  2734 | D:12     | Turgon: strange
  2760 | D:12     | Noticed a hill giant
  2814 | D:12     | Killed a hill giant
  2814 | D:12     | Reached XP level 11. HP: 73/97 MP: 8/12
  2823 | D:13     | Noticed a white ugly thing
  2926 | D:12     | Reached skill level 13 in Long Blades
  3116 | D:13     | Noticed a white ugly thing
  3171 | D:14     | Reached skill level 5 in Armour
  3209 | D:14     | Reached skill level 10 in Fighting
  3322 | D:13     | Gained mutation: Your body sometimes deteriorates upon taking damage. [mutagenic meat]
  3328 | D:13     | Gained mutation: You have sharp toenails. [mutagenic meat]
  3493 | D:15     | Entered Level 15 of the Dungeon
  3538 | D:15     | Noticed an orc sorcerer
  3538 | D:15     | Noticed a deep elf archer
  3539 | D:15     | Noticed a hill giant
  3540 | D:15     | Killed an orc sorcerer
  3551 | D:15     | Killed a hill giant
  3554 | D:15     | Killed a deep elf archer
  3556 | D:15     | Noticed a centaur warrior
  3565 | D:15     | Killed a centaur warrior
  3565 | D:15     | Reached skill level 14 in Long Blades
  3566 | D:15     | Turgon: @? hill giant
  3620 | D:15     | Turgon: Hill giants can throw nets!?
  3717 | D:15     | 4thArraOfDagon: ofcourse!
  3746 | D:15     | Turgon: mhmm
  3754 | D:15     | 4thArraOfDagon: what is strange
  3754 | D:15     | 4thArraOfDagon: that trolls and ogres can be caught despite them being giants
  3758 | D:15     | Noticed a centaur warrior
  3765 | D:15     | Killed a centaur warrior
  3848 | D:15     | Found a staircase to the Depths.
  3854 | D:15     | Noticed a skeletal warrior
  3895 | D:14     | Found a sacrificial altar of Ru.
  3907 | D:14     | Reached XP level 12. HP: 13/107 MP: 13/13
  3929 | D:15     | Found a sparkling altar of Nemelex Xobeh.
  3973 | D:14     | Noticed an ogre mage
  4106 | D:11     | Reached skill level 10 in Dodging
  4143 | Orc:1    | Entered Level 1 of the Orcish Mines
  4158 | Orc:1    | Noticed an orc warlord
  4188 | Orc:1    | Killed an orc warlord
  4498 | Orc:2    | Entered Level 2 of the Orcish Mines
  4498 | Orc:2    | Noticed an orc warlord
  4520 | Orc:2    | Killed an orc warlord
  4520 | Orc:2    | Reached skill level 15 in Long Blades
  4560 | Orc:2    | Noticed an ettin
  4587 | Orc:1    | Noticed an ettin
  4642 | Orc:2    | Found a frozen archway.
  4649 | Orc:2    | Noticed an ice dragon
  4667 | Orc:2    | Killed an ice dragon
  4682 | IceCv    | Entered an ice cave
  4846 | IceCv    | Noticed a frost giant
  4854 | IceCv    | Reached ***** piety under Cheibriados
  4862 | IceCv    | Killed a frost giant
  4862 | IceCv    | Reached XP level 13. HP: 87/116 MP: 9/15
  4902 | IceCv    | Got a pitted great sword
  4908 | IceCv    | Identified the +4 great sword "Ecorangaam" {freeze, +Inv rElec rC-} (You found it in an ice cave)
  5148 | Orc:2    | Reached skill level 16 in Long Blades
  5214 | Orc:2    | Found a staircase to the Elven Halls.
  5218 | Orc:2    | Found Edeubb's Jewellery Emporium.
  5218 | Orc:2    | Found Davelose's Magic Scroll Shoppe.
  5218 | Orc:2    | Found Qiddow's Book Shoppe.
  5233 | Orc:2    | Found Manaolo's Assorted Antiques.
  5244 | Orc:2    | Reached skill level 10 in Invocations
  5253 | Orc:2    | Bought a scroll of identify for 38 gold pieces
  5254 | Orc:2    | Bought the ring "Waphag" {Wiz Dex+6} for 644 gold pieces
  5256 | Orc:2    | Bought a scroll of recharging for 152 gold pieces
  5256 | Orc:2    | Bought a scroll of recharging for 152 gold pieces
  5256 | Orc:2    | Bought a scroll of teleportation for 48 gold pieces
  5256 | Orc:2    | Bought a scroll of identify for 32 gold pieces
  5256 | Orc:2    | Bought a scroll of identify for 32 gold pieces
  5256 | Orc:2    | Bought a scroll of identify for 32 gold pieces
  5364 | Orc:1    | Killed an ettin
  5475 | Elf:1    | Entered Level 1 of the Elven Halls
  5512 | Elf:2    | Found a flickering gateway to a bazaar.
  5544 | Bazaar   | Entered a bazaar
  5558 | Bazaar   | Found Lint's Armour Emporium.
  5573 | Bazaar   | Found Xodallayk's Antique Weapon Shoppe.
  5573 | Bazaar   | Found Xaoc's Distillery.
  5583 | Bazaar   | Bought a faintly glowing scimitar for 153 gold pieces
  5583 | Bazaar   | Identified the cursed +1 scimitar "Killer Klown's Peril" {venom, rF+ rN+ Str+3} (You bought it in a shop in a bazaar)
  5590 | Bazaar   | Bought 2 potions of might for 64 gold pieces
  5590 | Bazaar   | Bought a potion of heal wounds for 40 gold pieces
  5601 | Bazaar   | Found Kikhleleo's Magic Scroll Shoppe.
  5629 | Elf:3    | Entered Level 3 of the Elven Halls
  5724 | Elf:3    | Noticed a deep elf sorcerer
  5727 | Elf:3    | Killed a deep elf sorcerer
  5919 | Elf:3    | Gained mutation: Your magical capacity is extremely low. (-30% MP) [a neqoxec]
  5996 | Elf:3    | Found Suat's Assorted Antiques.
  6026 | Elf:3    | Noticed a deep elf death mage
  6029 | Elf:3    | Noticed a deep elf annihilator
  6029 | Elf:3    | Noticed a deep elf annihilator
  6029 | Elf:3    | Noticed a deep elf elementalist
  6036 | Elf:3    | Killed a deep elf death mage
  6050 | Elf:3    | Killed from afar by a deep elf annihilator

Vault maps used:
D:1:      dpeg_arrival_castle
D:2:      minmay_roachtagon, lemuel_crystal_altar, minmay_misc_feat_five,
          minivault_14, uniq_terence, uniq_iyjb
D:3:      makhleb_grotto_becter, nicolae_xom_altar_mimics, first_bread,
          lemuel_statue_altar
D:4:      serial_bayou_pond_d
D:5:      st_stairs_11, uniq_crazy_yiuf_cottage
D:6:      minitemple
D:7:      uniq_pikel
D:8:      dpeg_lair_monsters, uniq_psyche, uniq_erica, uniq_maurice
D:9:      serial_shops, nicolae_shop_overgrown_old_shop, trog_hazing_becter
D:10:     special_room, uniq_snorg, uniq_urug
D:11:     zombieorc2_lemuel, grunt_livestock, st_stairs_3, uniq_fannar
D:12:     eino_jars
D:13:     st_stairs_5
D:14:     david_vaults_2, hangedman_decor_cross_pass
D:15:     hangedman_depths_entry_civil_slaughter,
          nemelex_xobeh_ov_fountains_minmay
Orc:2:    st_orc_mages, portal_ice_cave_entry_animals_and_master
Elf:1:    mu_enter_wizlab_2, hangedman_corner_corridor, minmay_shop_grove
Elf:2:    serial_shops, bzr_entry_lakeside
Elf:3:    minmay_elf_hall_furrowed, serial_shops, shop
Abyss:2:  evilmike_abyss_exit_10
Bazaar:   bazaar_short_row
IceCv:    ice_cave_small_giant

Skill      XL: |  1  2  3  4  5  6  7  8  9 10 11 12 13 |
---------------+----------------------------------------+-----
Long Blades    | 4 5 6 8 9 11 12 14 15 16 | 16.7
Fighting       | 4 5 7 8 9 10 11 12 | 12.1
Invocations    | 1 2 3 4 5 6 7 8 9 10 | 10.4
Dodging        | 4 5 6 7 8 9 11 | 11.6
Armour         | 4 6 8 9 |  9.4
Stealth        | |  1.5

Action                   |  1- 3 |  4- 6 |  7- 9 | 10-12 | 13-15 || total
-------------------------+-------+-------+-------+-------+-------++-------
Melee: Falchion          |    35 |   113 |   193 |   326 |       ||   667
       Headbutt          |     8 |    37 |    70 |   226 |    72 ||   413
       Scimitar          |       |       |       |   227 |       ||   227
       Great sword       |       |       |       |       |   212 ||   212
Invok: Slouch            |       |       |     4 |    18 |     5 ||    27
       Bend Time         |       |       |     1 |     3 |       ||     4
       Temporal Distorti |       |       |     1 |       |       ||     1
Evoke: Wand              |       |       |     8 |    12 |     7 ||    27
  Use: Potion            |     3 |       |     2 |     5 |     1 ||    11
       Scroll            |       |       |    11 |    10 |     9 ||    30
 Stab: Sleeping          |       |       |     1 |     4 |     1 ||     6
       Distracted        |       |       |       |     2 |       ||     2
       Invisible         |       |       |       |    10 |       ||    10
  Eat: Chunk             |       |       |     9 |    19 |     2 ||    30
       Meat ration       |       |       |       |     1 |       ||     1
       Pizza             |       |       |       |       |     3 ||     3
       Royal jelly       |       |       |       |       |     1 ||     1
       Beef jerky        |       |       |       |       |     1 ||     1
Armor: Robe              |     3 |       |       |       |       ||     3
       Ring mail         |       |    31 |    20 |    48 |       ||    99
       Skin              |       |       |    13 |    34 |       ||    47
       Ice dragon armour |       |       |       |    11 |       ||    11
       Troll leather arm |       |       |       |     4 |    19 ||    23
       Troll hide        |       |       |       |     2 |       ||     2
Dodge: Dodged            |    25 |    80 |   105 |   356 |   161 ||   727
